 Dungeon Crawl Stone Soup version 0.20-a0-927-g1ae2c61 (webtiles) character file.

7481 Isola the Carver (level 11, 0/71 HPs)
             Began as a Tengu Gladiator on Mar 29, 2017.
             Was an Elder of Okawaru.
             Slain by a black mamba (15 damage)
             ... on level 1 of the Lair of Beasts.
             The game lasted 00:20:08 (11265 turns).

Isola the Carver (Tengu Gladiator)                 Turns: 11265, Time: 00:20:09

Health: 0/71       AC: 10    Str: 16    XL:     11   Next: 15%
Magic:  17/17      EV: 18    Int: 11    God:    Okawaru [****..]
Gold:   480        SH:  0    Dex: 15    Spells: 10/10 levels left

rFire    . . .     SeeInvis .   v - +1 scimitar
rCold    + . .     Gourm    .   (no shield)
rNeg     + . .     Faith    .   y - +2 leather armour {rC+}
rPois    .         Spirit   .   c - +0 hat
rElec    .         Reflect  .   G - +0 cloak
rCorr    .         Harm     .   a - +0 pair of gloves
MR       .....                  (boots unavailable)
Stlth    +.........             (no amulet)
Regen    0.3/turn               t - +3 ring of protection
MPRegen  0.2/turn               J - ring of positive energy

@: exhausted, flying quickly and evasively, slowed, very slow
A: beak, talons 3, able to fly 1
a: Heroism, Renounce Religion


You were on level 1 of the Lair of Beasts.
You worshipped Okawaru.
Okawaru was greatly pleased with you.
You were not hungry.

You visited 3 branches of the dungeon, and saw 12 of its levels.

You collected 480 gold pieces.

Inventory:

Hand Weapons
 v - a +1 scimitar (weapon)
Missiles
 k - 4 steel javelins (quivered)
 s - 5 javelins
 F - 8 exploding tomahawks
Armour
 a - a +0 pair of gloves (worn)
 c - a +0 hat (worn)
 y - a +2 leather armour of cold resistance (worn)
 C - a +0 buckler
 G - a +0 cloak (worn)
Jewellery
 t - a +3 ring of protection (left hand)
 A - an uncursed amulet of magic regeneration
 J - a ring of positive energy (right hand)
Wands
 H - a wand of lightning (5/15)
Scrolls
 l - 3 scrolls of enchant armour
 p - 3 scrolls of blinking
 q - 8 scrolls of teleportation
 x - 6 scrolls of remove curse
 B - a scroll of noise
 D - a scroll of fear
 M - a scroll of recharging
Potions
 b - a potion of flight {unknown}
 d - a potion of cancellation {unknown}
 e - a potion of haste
 h - 3 potions of curing
 j - 3 potions of ambrosia
 m - a potion of might {unknown}
 r - 2 potions of mutation
 u - 3 potions of berserk rage
 w - 3 potions of resistance
 z - 3 potions of heal wounds
 I - a potion of brilliance {unknown}
Books
 E - a book of Cantrips

   Spells                             Type                      Level
   a - Confusing Touch                Hexes                        1
   b - Animate Skeleton               Necromancy                   1
   c - Summon Small Mammal            Summoning                    1
   d - Apportation                    Translocation                1
 K - Sif Muna's Disquisition on Malediction
   (You found it on level 9 of the Dungeon)

   Spells                             Type                      Level
   a - Corona                         Hexes                        1
Comestibles
 f - 6 bread rations
 g - 6 chunks of flesh
 i - 5 royal jellies
 n - 5 meat rations
 L - 2 fruits


   Skills:
 - Level 9.1 Fighting
 * Level 11.7 Long Blades
 - Level 2.0 Throwing
 - Level 5.7 Dodging
 * Level 3.0 Shields
 * Level 7.6 Invocations


You had 10 spell levels left.
You didn't know any spells.

Dungeon Overview and Level Annotations

Branches:
Dungeon (10/15)            Temple (1/1) D:4            Lair (1/6) D:8
    Orc: D:9-12

Altars:
Ashenzari
Cheibriados
Dithmenos
Elyvilon
Fedhas
Gozag
Hepliaklqana
Kikubaaqudgha
Makhleb
Nemelex Xobeh
Okawaru
Qazlal
Ru
Sif Muna
Trog
Uskayaw
Vehumet
Wu Jian
Xom
Yredelemnul
Zin
The Shining One


Innate Abilities, Weirdness & Mutations

You have a beak for a mouth.
You have claws for feet.
You can fly.


Message History

The black mamba bites you. The black mamba misses you.
You slash the black mamba!
You claw the black mamba, but do no damage.
The black mamba is heavily wounded.
The black mamba bites you.
You are poisoned.
The black mamba poisons you! The black mamba misses you.
You barely miss the black mamba. You claw the black mamba.
The black mamba is heavily wounded.
You feel sick. The black mamba completely misses you.
The black mamba bites you!
* * * LOW HITPOINT WARNING * * *
You feel better. The black mamba closely misses you.
You riposte.
You hit the black mamba. You claw the black mamba.
The black mamba is severely wounded.
The black mamba bites you but does no damage.
The black mamba bites you!
* * * LOW HITPOINT WARNING * * *
You feel better. The black mamba bites you!
You die...

.##..........P.#...P
#..................
##.....#...........
##.###...## P.##.#
##.#.#.#### ##.##.#
..###.....###...#.#
..##.......###.##.#
#....#.###.....##S#
####....#..#..##@.#
#..............#
......##########.P#
#P##### #### #


You could see a black mamba.

Vanquished Creatures
  2 two-headed ogres
  The ghost of Banto the Spear-Bearer, a novice DsGl (D:6)
  An ugly thing (D:10)
  A rime drake (Lair:1)
  A komodo dragon (Lair:1)
  A hippogriff (D:10)
  Sigmund (D:3)
  A spriggan (D:7)
  A hungry ghost (D:8)
  A water moccasin (Lair:1)
  A black bear (D:7)
  3 orc warriors
  A sky beast (D:5)
  An ice beast (D:9)
  2 phantoms (D:4)
  An eye of draining (D:8)
  4 ogres
  2 centaurs
  2 crocodiles
  2 big kobolds
  Blork the orc (D:6)
  5 bullfrogs
  2 wyvern skeletons
  A scorpion (D:4)
  A water moccasin skeleton (D:6)
  6 killer bees (D:9)
  5 wights (D:6)
  An electric eel (Lair:1)
  2 howler monkeys
  4 crimson imps
  2 quasits (D:9)
  3 bullfrog skeletons
  3 bullfrog zombies
  2 hounds
  2 jellies
  5 orc priests
  A centaur skeleton (D:9)
  2 iguanas
  10 orc wizards
  8 worker ants
  A killer bee zombie (D:9)
  A hound zombie (D:6)
  A hound skeleton (D:3)
  A gnoll (D:1)
  10 adders
  2 shadow imps
  An ooze (D:2)
  An adder zombie (D:7)
  An adder skeleton (D:6)
  3 worms
  3 dart slugs
  12 leopard geckos
  33 orcs
  A ball python (D:2)
  8 giant cockroaches
  6 goblins
  3 hobgoblins
  12 jackals
  4 quokkas
  5 bats
  4 frilled lizards
  10 kobolds
  A leopard gecko skeleton (D:5)
  A quokka skeleton (D:5)
  4 rats
225 creatures vanquished.

Vanquished Creatures (others)
  2 withered plants (D:10)
2 creatures vanquished.

Grand Total: 227 creatures vanquished

Notes
Turn   | Place    | Note
-------+----------+-------------------------------------------
     0 | D:1      | Isola the Tengu Gladiator began the quest for the Orb.
     0 | D:1      | Reached XP level 1. HP: 12/12 MP: 2/2
    65 | D:1      | Reached XP level 2. HP: 15/18 MP: 3/3
   112 | D:1      | Reached XP level 3. HP: 8/22 MP: 4/4
   792 | D:2      | Found a shadowy altar of Dithmenos.
   875 | D:2      | Reached skill level 4 in Long Blades
  1199 | D:2      | Reached XP level 4. HP: 27/27 MP: 5/5
  2034 | D:3      | Noticed Sigmund
  2052 | D:3      | Killed Sigmund
  2052 | D:3      | Reached skill level 5 in Long Blades
  2052 | D:3      | Gained mutation: You can fly. [Tengu growth]
  2052 | D:3      | Reached XP level 5. HP: 27/32 MP: 6/6
  2052 | D:3      | Reached XP level 6. HP: 31/37 MP: 7/7
  2724 | D:4      | Reached skill level 6 in Long Blades
  2883 | D:4      | Reached skill level 5 in Dodging
  2897 | D:4      | Reached XP level 7. HP: 12/43 MP: 6/8
  3387 | D:4      | Found a shattered altar of Ashenzari.
  3552 | D:4      | Found a staircase to the Ecumenical Temple.
  3576 | Temple   | Entered the Ecumenical Temple
  3594 | Temple   | Became a worshipper of Warmaster Okawaru
  4419 | D:5      | Entered Level 5 of the Dungeon
  4489 | D:5      | Reached skill level 7 in Long Blades
  4565 | D:5      | Found an ancient bone altar of Kikubaaqudgha.
  4699 | D:5      | Reached skill level 1 in Invocations
  4699 | D:5      | Reached XP level 8. HP: 13/48 MP: 9/9
  5033 | D:5      | You fall through a shaft!
  5037 | D:6      | Reached * piety under Okawaru
  5037 | D:6      | Reached skill level 5 in Fighting
  5086 | D:6      | Noticed Blork the orc
  5095 | D:6      | Killed Blork the orc
  5178 | D:6      | Noticed Banto's ghost (novice DsGl)
  5202 | D:6      | Reached skill level 8 in Long Blades
  5277 | D:6      | Killed Banto's ghost
  5277 | D:6      | Reached ** piety under Okawaru
  5285 | D:6      | Reached XP level 9. HP: 44/55 MP: 10/12
  5660 | D:6      | Reached skill level 9 in Long Blades
  6448 | D:5      | Found a burning altar of Makhleb.
  7097 | D:7      | Reached *** piety under Okawaru
  7185 | D:7      | Reached skill level 5 in Invocations
  8006 | D:8      | Reached skill level 10 in Long Blades
  8006 | D:8      | Reached XP level 10. HP: 59/64 MP: 15/15
  8190 | D:8      | Noticed a two-headed ogre
  8200 | D:8      | Killed a two-headed ogre
  8569 | D:8      | Found a staircase to the Lair.
  8663 | D:8      | Received a gift from Okawaru
  8971 | D:9      | Noticed a two-headed ogre
  8979 | D:9      | Killed a two-headed ogre
  8979 | D:9      | Reached **** piety under Okawaru
  9159 | D:9      | Received a gift from Okawaru
  9542 | D:9      | Found a snail-covered altar of Cheibriados.
  9584 | D:9      | Reached skill level 11 in Long Blades
  9641 | D:9      | Found a deep blue altar of Sif Muna.
  9656 | D:9      | Identified Sif Muna's Disquisition on Malediction
 10166 | D:9      | Reached skill level 1 in Shields
 10418 | D:10     | Entered Level 10 of the Dungeon
 10575 | D:10     | Noticed a white ugly thing
 10589 | D:10     | Killed a white ugly thing
 10589 | D:10     | Reached XP level 11. HP: 52/71 MP: 12/17
 11045 | Lair:1   | Entered Level 1 of the Lair of Beasts
 11197 | Lair:1   | Noticed a seven-headed hydra
 11265 | Lair:1   | Slain by a black mamba

Vault maps used:
D:1:      sevenhm_arrival_forest_fort_large_4
D:2:      grunt_dithmenos_smoke_and_mirrors, kennysheep_generic_room_10
D:3:      uniq_sigmund
D:4:      overflow_temple_1_default, minmay_temple_entry_trees,
          roderic_st_hans_cross
D:5:      nicolae_overflow_crystal_walls, old_standard_altar, first_bread
D:6:      uniq_blork_the_orc
D:7:      the_bakery
D:8:      lair_entry_dummy
D:9:      led_sif_book, lemuel_crystal_altar, grunt_ministairs_6
D:10:     cheibrodos_grave_circle, uniq_urug, uniq_snorg
Temple:   eino_temple_scatter_basement
Lair:1:   beast_lair_carwin_9, infiniplex_staircase_pool, grunt_megastairs_5

Skill      XL: |  1  2  3  4  5  6  7  8  9 10 11 |
---------------+----------------------------------+-----
Long Blades    | 4 5 6 7 8 10 11 | 11.7
Dodging        | 4 5 |  5.7
Fighting       | 3 4 6 7 9 |  9.1
Invocations    | 1 3 5 7 |  7.6
Shields        | 2 3 |  3.0
Throwing       | |  2.0

Action                   |  1- 3 |  4- 6 |  7- 9 | 10-12 || total
-------------------------+-------+-------+-------+-------++-------
Melee: Long sword        |    54 |    94 |   320 |       ||   468
       Kick              |    12 |    32 |   125 |    74 ||   243
       Peck              |     7 |    29 |    77 |    43 ||   156
       Scimitar          |       |       |   152 |   235 ||   387
Throw: Throwing net      |       |     3 |     1 |     1 ||     5
       Javelin           |       |       |       |     1 ||     1
Invok: Heroism           |       |       |     1 |     2 ||     3
 Abil: Fly               |       |     3 |    26 |    20 ||    49
  Use: Scroll            |       |     4 |     9 |     6 ||    19
       Potion            |       |       |    10 |     4 ||    14
 Stab: Sleeping          |     3 |     1 |     1 |       ||     5
       Distracted        |       |       |     1 |       ||     1
       Held in net/web   |       |       |       |     1 ||     1
  Eat: Chunk             |     1 |     5 |    17 |    15 ||    38
       Bread ration      |       |       |     1 |       ||     1
Armor: Leather armour    |     4 |    18 |    65 |    43 ||   130
       Skin              |       |       |    71 |    66 ||   137
Dodge: Dodged            |    48 |    64 |   250 |   184 ||   546
       Rpst.: Long sword |    16 |    15 |    44 |       ||    75
       Scimitar          |       |       |    32 |    47 ||    79
